[Event "Live Chess"]
[Site "Chess.com"]
[Date "2023.05.20"]
[Round "-"]
[White "McSlash1"]
[Black "NatashaRegan"]
[Result "1-0"]
[WhiteElo "2056"]
[BlackElo "1818"]
[TimeControl "300"]
[EndTime "12:31:37 PDT"]
[Termination "McSlash1 won by resignation"]

1. e4 c5 2. Nc3 Nc6 3. f4 e6 4. Bc4 Nf6 5. d3 d5 6. exd5 exd5 7. Bb3 Bg4 8. Nf3 Nd4 9. Ba4+ Nd7 10. h3 Bxf3 11. gxf3 Qh4+ 12. Kf1 O-O-O 13. Nb5 Nf5 14.
Qe1 Ng3+ 15. Kg2 Nb6 16. b3 Qf6 17. Qxg3 Qxa1 18. f5 Rd7 19. Nxa7+ Kd8 20. Bg5+ f6 21. Rxa1 Bd6 22. Qh4 Nxa4 23. bxa4 fxg5 24. Qxg5+ Be7 25.
Qxg7 Re8 26. Re1 Kc7 27. Nb5+ Kb6 28. f6 Rdd8 29. f7 1-0

[Event "Live Chess"]
[Site "Chess.com"]
[Date "2023.05.20"]
[Round "-"]
[White "dudeasy"]
[Black "yarek"]
[Result "0-1"]
[WhiteElo "1053"]
[BlackElo "1890"]
[TimeControl "300"]
[EndTime "12:31:48 PDT"]
[Termination "yarek won by resignation"]

1. Nf3 g6 2. g3 Bg7 3. Bg2 c6 4. c4 d5 5. d3 Nf6 6. Nbd2 O-O 7. O-O Nbd7 8. Rb1 e5 9. b3 Re8 10. Bb2 d4 11. Re1 Nc5 12. Qc2 Bg4 13. Rbd1 Bxf3 14.
Nxf3 Bh6 15. e3 dxe3 16. fxe3 Ng4 17. Qe2 Bxe3+ 18. Kh1 Nf2+ 19. Kg1 Nxd1+ 20. Kf1 Nxb2 21. Qxe3 Ncxd3 22. Re2 e4 23. Nd2 Nd1 24. Qh6 e3 25.
Nf3 N3f2 26. Ng5 Qf6 27. Qxh7+ Kf8 28. Qh6+ Ke7 29. Nh7 Ng4+ 30. Nxf6 Nxh6 31. Ne4 Nf5 32. Ke1 Rad8 33. g4 Nd4 34. Rxe3 0-1

[Event "Live Chess"]
[Site "Chess.com"]
[Date "2023.05.20"]
[Round "-"]
[White "JanMur7"]
[Black "Chesscoach_Golichenko"]
[Result "0-1"]
[WhiteElo "1956"]
[BlackElo "2648"]
[TimeControl "300"]
[EndTime "12:32:04 PDT"]
[Termination "Chesscoach_Golichenko won by resignation"]

1. e4 Nf6 2. Nc3 d5 3. e5 d4 4. exf6 dxc3 5. fxg7 cxd2+ 6. Qxd2 Qxd2+ 7. Bxd2 Bxg7 8. O-O-O O-O 9. Nf3 e5 10. Bc3 Bg4 11.
Be2 Nc6 12. Rhe1 Rfe8 13. Kb1 Rad8 14. Rxd8 Rxd8 15. h3 Bh5 16. g4 Bg6 17. Bb5 Nd4 18. Bxd4 exd4 19. Re8+ Rxe8 20. Bxe8 Kf8 21. Ba4 h6 22.
Nh4 Be4 23. f3 Bh7 24. f4 Be4 25. Bd7 Ke7 26. Bf5 Bh1 27. Bd3 c5 28. Nf5+ Kf8 29. Nd6 Bf6 30. Nf5 Bg2 31. h4 Bh3 32. g5 hxg5 33.
hxg5 Bd8 34. Nd6 b6 35. Bf5 Bxf5 36. Nxf5 Bc7 37. g6 fxg6 38. Nh4 Kg7 39. Ng2 Kf6 40. Kc1 Kf5 41. Kd2 Bxf4+ 42. Nxf4 Kxf4 43. Ke2 g5 44. Kf2 g4 0-1

[Event "Live Chess"]
[Site "Chess.com"]
[Date "2023.05.20"]
[Round "-"]
[White "GEMdzq"]
[Black "LaupMiths"]
[Result "1-0"]
[WhiteElo "2260"]
[BlackElo "1813"]
[TimeControl "300"]
[EndTime "12:32:08 PDT"]
[Termination "GEMdzq won by resignation"]

1. e4 d6 2. d4 Nf6 3. Nc3 g6 4.
Be2 Bg7 5. h3 h5 6. Nf3 a6 7. a4 b6 8. O-O Bb7 9. Qd3 Nbd7 10. e5 Nd5 11. e6 N7f6 12. exf7+ Kxf7 13. Ng5+ Kg8 14. Qxg6 Qe8 15. Qf5 Bc8 16. Qd3 Nxc3 17. bxc3 Bd7 18. Bf3 d5 19. c4 c6 20. Re1 Ra7 21.
Rb1 Rb7 22. cxd5 cxd5 23. c4 Bc6 24. Qb3 Bh6 25. cxd5 Bxg5 26. dxc6+ 1-0

[Event "Live Chess"]
[Site "Chess.com"]
[Date "2023.05.20"]
[Round "-"]
[White "onemoretime1975"]
[Black "Man-Del-Brot"]
[Result "1-0"]
[WhiteElo "1913"]
[BlackElo "1172"]
[TimeControl "300"]
[EndTime "12:32:15 PDT"]
[Termination "onemoretime1975 won by checkmate"]

1. e4 e5 2. Nf3 Nc6 3. Bc4 f5 4.
d3 f4 5. Bd5 Nf6 6. Bxc6 dxc6 7.
Nxe5 Bd6 8. Nc4 b5 9. Nxd6+ Qxd6 10. f3 O-O 11. c3 c5 12. Qb3+ Kh8 13. Qxb5 Ba6 14.
Qb3 Bxd3 15. Nd2 Rab8 16. Qd1 Rfe8 17. Kf2 Qb6 18. c4 Rbd8 19. Qb3 Qe6 20. Re1 Rb8 21.
Qc3 Red8 22. b3 Qd6 23. Bb2 Nd7 24. Qxg7# 1-0

[Event "Live Chess"]
[Site "Chess.com"]
[Date "2023.05.20"]
[Round "-"]
[White "JoshMcK"]
[Black "jennybobby44"]
[Result "1/2-1/2"]
[WhiteElo "1570"]
[BlackElo "1864"]
[TimeControl "300"]
[EndTime "12:32:19 PDT"]
[Termination "Game drawn by repetition"]

1. e4 c5 2. c3 d5 3. exd5 Nf6 4. d4 Nxd5 5. Nf3 e6 6. Bc4 Nf6 7. O-O Be7 8. dxc5 Qxd1 9. Rxd1 Bxc5 10. Bb5+ Bd7 11. Bxd7+ Nbxd7 12. Bg5 O-O-O 13. Na3 a6 14. Nc4 Nb6 15. Nxb6+ Bxb6 16. Ne5 Rxd1+ 17. Rxd1 Rf8 18.
Nc4 Bc7 19. Nd6+ Bxd6 20. Rxd6 Kc7 21. Rd3 Rd8 22. Rxd8 Kxd8 23. Bxf6+ gxf6 24. Kf1 Kd7 25. Ke2 Kd6 26. Ke3 Kd5 27. b3 b5 28. f4 e5 29.
g3 e4 30. g4 a5 31. a3 a4 32.
bxa4 bxa4 33. h4 Kc4 34. Kxe4 Kxc3 35. Ke3 Kb3 36. Kd3 Kxa3 37. Kc3 Ka2 38. Kc2 Ka3 39. Kc3 Ka2 40. Kc2 Ka3 41. Kc3 1/2-1/2

[Event "Live Chess"]
[Site "Chess.com"]
[Date "2023.05.20"]
[Round "-"]
[White "Bot_Boy"]
[Black "OceanFloater"]
[Result "0-1"]
[WhiteElo "330"]
[BlackElo "983"]
[TimeControl "300"]
[EndTime "12:32:22 PDT"]
[Termination "OceanFloater won on time"]

1. e3 c6 2. Nf3 d5 3. d4 Nf6 4. b3 Bf5 5. Bb2 e6 6. Nbd2 c5 7. Bb5+ Nc6 8. Ne5 Qc7 9. Bxc6+ bxc6 10. f4 cxd4 11. Bxd4 c5 12. g4 cxd4 13. gxf5 dxe3 14.
fxe6 exd2+ 15. Qxd2 fxe6 16. O-O-O Bd6 17. Rhe1 Ne4 18. Rxe4 dxe4 19. Qd4 Ba3+ 20. Kb1 Rd8 21. Qa4+ Ke7 22. Qxa3+ Rd6 23. Rxd6 Qxd6 24. Nc4 Rd8 25.
Nxd6 Rxd6 26. Qxa7+ Kf6 27. Qb8 Rd1+ 28. Kb2 Rd2 29. h4 Rf2 30. Qe5+ Ke7 0-1

[Event "Live Chess"]
[Site "Chess.com"]
[Date "2023.05.20"]
[Round "-"]
[White "Wild_Tiger"]
[Black "WelshTiger"]
[Result "0-1"]
[WhiteElo "1057"]
[BlackElo "2405"]
[TimeControl "300"]
[EndTime "12:32:26 PDT"]
[Termination "WelshTiger won by checkmate"]

1. d4 d5 2. Nf3 c5 3. e3 Nf6 4. b3 Bg4 5. Bb2 e6 6. Nbd2 Bd6 7. h3 Bh5 8. Be2 O-O 9. Ne5 Bxe2 10. Qxe2 Nc6 11. f4 Qb6 12. O-O cxd4 13. e4 d3+ 14.
Qf2 Bc5 15. Qxc5 Qxc5+ 16. Kh1 Qxc2 17. Ba3 Qxd2 18. Bxf8 Rxf8 19. exd5 Nxd5 20. f5 Nxe5 21. fxe6 fxe6 22. Rxf8+ Kxf8 23. Rf1+ Ke7 24. a4 Ne3 25. Rg1 Nf5 26. Kh2 Nf3+ 27. Kh1 Nxg1 28. Kxg1 Qe3+ 29. Kh2 d2 30. b4 Qg3+ 31. Kh1 d1=Q# 0-1

[Event "Live Chess"]
[Site "Chess.com"]
[Date "2023.05.20"]
[Round "-"]
[White "Olisingapore"]
[Black "AttackingSnowLeopard"]
[Result "0-1"]
[WhiteElo "1899"]
[BlackElo "2031"]
[TimeControl "300"]
[EndTime "12:32:28 PDT"]
[Termination "AttackingSnowLeopard won by checkmate"]

1. d4 d5 2. c4 c6 3. Nf3 Nf6 4. g3 Bf5 5. Bg2 e6 6. Qb3 Qb6 7. c5 Qxb3 8. axb3 Nbd7 9. O-O Be7 10. Ra4 O-O 11. Bf4 a6 12. Nc3 Ne4 13. Rfa1 Ndf6 14. Ne5 Nxc3 15. bxc3 Ne4 16. Bxe4 Bxe4 17. Nd7 Rfe8 18.
Nb6 Ra7 19. Bd6 Bd8 20. f3 Bc2 21. Rc1 Bxb3 22. Rb4 Bc4 23. Nxc4 dxc4 24. Rcb1 Ba5 25. Rxb7 Rxb7 26. Rxb7 Bxc3 27. Rb6 Bxd4+ 28. Kg2 c3 29. Rxc6 Be3 30. Be5 c2 31. Bb2 c1=Q 32. Bxc1 Bxc1 33. Rxa6 Rc8 34. c6 Kf8 35. e4 f6 36. f4 Bb2 37. Kf3 Rc7 38. h4 Ke7 39. g4 e5 40. f5 Kd6 41. g5 Rxc6 42. Rxc6+ Kxc6 43. Ke2 Kc5 44. Kd3 Bc1 45. g6 hxg6 46. fxg6 Bh6 47. h5 Kb4 48. Kc2 Kc4 49. Kd1 Kd4 50.
Ke2 Kxe4 51. Kf2 Kd3 52. Kf3 e4+ 53. Kf2 Kd2 54. Kg3 e3 55. Kg4 e2 56. Kf5 e1=Q 57.
Kg4 Qe4+ 58. Kg3 Bf4+ 59. Kg4 Be5+ 60. Kh3 Qf3+ 61. Kh4 Qg3# 0-1

[Event "Live Chess"]
[Site "Chess.com"]
[Date "2023.05.20"]
[Round "-"]
[White "rideuv21"]
[Black "MartinWalker4"]
[Result "1/2-1/2"]
[WhiteElo "1838"]
[BlackElo "2073"]
[TimeControl "300"]
[EndTime "12:32:29 PDT"]
[Termination "Game drawn by agreement"]

1. e4 Nf6 2. e5 Nd5 3. d4 d6 4.
Nf3 g6 5. Bc4 Nb6 6. Bb3 Bg7 7.
a4 a5 8. O-O O-O 9. Nc3 dxe5 10. Nxe5 Bxe5 11. dxe5 Qxd1 12. Rxd1 Nc6 13. Bf4 Be6 14.
Nb5 Rac8 15. Bxe6 fxe6 16. Bg3 Rf5 17. Nd4 Nxd4 18. Rxd4 c5 19. Rd2 Rc7 20. b3 c4 21.
Rad1 cxb3 22. cxb3 Rc3 23. Rd3 Rxd3 24. Rxd3 Nd5 25. Kf1 Rf8 26. Ke2 Rc8 27. Kd2 b5 28. axb5 Rb8 29. f3 Rxb5 30. Bf2 Kf7 31. Bd4 Rb4 32. g3 a4 33. bxa4 Rxa4 34. Ke2 1/2-1/2

[Event "Live Chess"]
[Site "Chess.com"]
[Date "2023.05.20"]
[Round "-"]
[White "Doge_Dandolo"]
[Black "HugeManAmin"]
[Result "1-0"]
[WhiteElo "2005"]
[BlackElo "1107"]
[TimeControl "300"]
[EndTime "12:32:29 PDT"]
[Termination "Doge_Dandolo won by resignation"]

1. Nf3 Nc6 2. e4 e5 3. Bc4 Nf6 4. d4 exd4 5. c3 dxc3 6. Nxc3 Bb4 7. O-O O-O 8. e5 Ng4 9. Re1 Re8 10. Qd5 Re7 11.
Bg5 1-0

[Event "Live Chess"]
[Site "Chess.com"]
[Date "2023.05.20"]
[Round "-"]
[White "KeithArkell"]
[Black "SirEntrails"]
[Result "1-0"]
[WhiteElo "2615"]
[BlackElo "537"]
[TimeControl "300"]
[EndTime "12:32:36 PDT"]
[Termination "KeithArkell won by checkmate"]

1. d4 d5 2. Nf3 Bf5 3. c4 dxc4 4. Nc3 Nf6 5. e3 Ne4 6. Bxc4 Nxc3 7. bxc3 Nc6 8. Qb3 Na5 9. Bxf7+ Kd7 10. Qd5+ Kc8 11. Qxf5+ Kb8 12. Qxa5 b6 13. Qa6 e6 14. Ne5 Bd6 15.
Nc6# 1-0

[Event "Live Chess"]
[Site "Chess.com"]
[Date "2023.05.20"]
[Round "-"]
[White "domrobson"]
[Black "alanmike75"]
[Result "1/2-1/2"]
[WhiteElo "1719"]
[BlackElo "1533"]
[TimeControl "300"]
[EndTime "12:32:41 PDT"]
[Termination "Game drawn by repetition"]

1. d4 d5 2. c4 dxc4 3. Nf3 Nf6 4. Nc3 e6 5. e3 c5 6. Bxc4 cxd4 7.
exd4 Nc6 8. O-O Be7 9. d5 exd5 10. Nxd5 Nxd5 11. Bxd5 O-O 12. Re1 Bf6 13. Rb1 Bg4 14. Be3 Rc8 15. h3 Bf5 16. Rc1 Bxb2 17. Rc4 Bf6 18.
Rf4 Bg6 19. Bxc6 Qxd1 20. Rxd1 Rxc6 21. Bxa7 Rc2 22. Nd4 Bxd4 23. Rfxd4 Rxa2 24. Bc5 Re8 25. Rd8 Ra8 26. Bb6 Be4 27. Rxa8 Rxa8 28. Rd8+ Rxd8 29. Bxd8 Bc6 30. Bb6 f6 31. g3 Kf7 32. h4 g6 33.
Kf1 h5 34. Ke1 Ke6 35. Kd2 f5 36. Kc3 Kd5 37. Be3 Ke4 38. Kb4 Kf3 39. Kc5 Ke4 40.
Kb6 Kd5 41. Bh6 Ke6 42. Bg5 Kf7 43. Bf4 Ke6 44. Bg5 Kf7 45. Bf4 Ke6 46. Bg5 1/2-1/2

[Event "Live Chess"]
[Site "Chess.com"]
[Date "2023.05.20"]
[Round "-"]
[White "FlyingChessKestrel13"]
[Black "LL220284LL"]
[Result "0-1"]
[WhiteElo "2125"]
[BlackElo "2404"]
[TimeControl "300"]
[EndTime "12:32:54 PDT"]
[Termination "LL220284LL won by resignation"]

1. e4 d5 2. exd5 Qxd5 3. Nc3 Qa5 4. Bc4 Nf6 5. d3 c6 6. Ne2 Bf5 7. O-O h6 8. Bd2 Qc7 9. Bf4 e5 10. Bg3 Nbd7 11. d4 Bd6 12. dxe5 Bxe5 13. Bxe5 Nxe5 14. Ng3 Bg6 15. Bb3 O-O 16. Re1 Rad8 17. Qc1 a6 18.
Qf4 Rfe8 19. Nf5 Bxf5 20. Qxf5 c5 21. f4 Nc6 22. Rxe8+ Rxe8 23. Rf1 Nd4 24. Nd5 Nxf5 25. Nxc7 Rc8 26. Nd5 c4 27. Nxf6+ gxf6 28. Rd1 cxb3 29. cxb3 Rc2 30. Rd7 Rxb2 31. Rxb7 Rxa2 32. Rb6 Kg7 33. h3 Ne3 34. g4 Nd5 35. Rd6 Nxf4 0-1

[Event "Live Chess"]
[Site "Chess.com"]
[Date "2023.05.20"]
[Round "-"]
[White "Greenbecker"]
[Black "azimchess2019"]
[Result "1-0"]
[WhiteElo "1633"]
[BlackElo "1362"]
[TimeControl "300"]
[EndTime "12:33:14 PDT"]
[Termination "Greenbecker won by resignation"]

1. e4 c5 2. Nf3 d6 3. d4 cxd4 4.
Nxd4 Nf6 5. Nc3 a6 6. Bg5 g6 7. f3 Bg7 8. Bc4 O-O 9. O-O Qb6 10. Be3 Qc7 11. Bb3 Nc6 12. Nxc6 bxc6 13. Qd2 Rd8 14.
Bh6 Qb6+ 15. Kh1 Be6 16. Bxg7 Kxg7 17. Bxe6 fxe6 18. b3 e5 19. Rad1 d5 20. exd5 Nxd5 21. Nxd5 Rxd5 22. Qe2 Rad8 23. Rxd5 Rxd5 24. Rd1 Qb5 25.
Qf1 h6 26. c4 Rxd1 27. Qxd1 Qa5 28. Qa1 Kf6 29. h3 g5 30. Kh2 Qc5 31. Qb2 Qd6 32.
Qe2 c5 33. g3 h5 34. g4 hxg4 35. fxg4 e4+ 36. Kg2 Qd4 37. Qf2+ Qxf2+ 38. Kxf2 e5 39. Ke3 Ke6 40. Kxe4 Kf6 41. a3 a5 42. Kd5 a4 43.
bxa4 1-0

[Event "Live Chess"]
[Site "Chess.com"]
[Date "2023.05.20"]
[Round "-"]
[White "xx_blindpuffin_xx"]
[Black "Conradical12"]
[Result "1-0"]
[WhiteElo "2215"]
[BlackElo "1575"]
[TimeControl "300"]
[EndTime "12:33:20 PDT"]
[Termination "xx_blindpuffin_xx won by resignation"]

1. d4 Nf6 2. Bf4 d6 3. e3 Nd5 4. Bg3 Nb6 5. c4 e6 6. Nc3 Be7 7. Nf3 O-O 8. Bd3 Nc6 9. a3 a5 10. O-O f5 11. Rb1 g5 12. h3 Kh8 13. b4 axb4 14.
axb4 Ra3 15. Qc1 Ra8 16. b5 Na5 17. Nd2 f4 18. Bh2 e5 19. Qc2 f3 20. Nxf3 Bxh3 21.
dxe5 dxe5 22. Bxe5+ Bf6 23. Bg3 g4 24. Ne5 c6 25. bxc6 Nxc6 26. Nxc6 bxc6 27. gxh3 gxh3 28. Ne4 Rg8 29. Nxf6 Qxf6 30. Rxb6 Raf8 31. Qb2 Qxb2 32. Rxb2 1-0

[Event "Live Chess"]
[Site "Chess.com"]
[Date "2023.05.20"]
[Round "-"]
[White "JackRudd"]
[Black "Missedidea"]
[Result "1-0"]
[WhiteElo "2460"]
[BlackElo "1738"]
[TimeControl "300"]
[EndTime "12:33:32 PDT"]
[Termination "JackRudd won by resignation"]

1. d4 Nf6 2. c4 g6 3. Nc3 Bg7 4. e4 d6 5. Nf3 O-O 6. Be2 e5 7.
d5 a5 8. O-O Na6 9. Ne1 Nc5 10.
f3 Bd7 11. Be3 b6 12. b3 h5 13. Rb1 Nh7 14. a3 f5 15. b4 axb4 16. axb4 Na6 17.
Nd3 f4 18. Bf2 g5 19. c5 bxc5 20. bxc5 Rb8 21. Ra1 Nb4 22. c6 Be8 23. Ba7 Nxd3 24. Bxb8 Qxb8 25. Qxd3 Qb6+ 26. Kh1 Nf6 27. Rab1 Qc5 28.
Nb5 g4 29. Nxc7 Kf7 30. Ne6 Rh8 31. Rb7+ Bd7 32. cxd7 Kg6 33. d8=Q 1-0

[Event "Live Chess"]
[Site "Chess.com"]
[Date "2023.05.20"]
[Round "-"]
[White "Long1968"]
[Black "vovanada"]
[Result "0-1"]
[WhiteElo "774"]
[BlackElo "825"]
[TimeControl "300"]
[EndTime "12:33:33 PDT"]
[Termination "vovanada won on time"]

1. e4 e5 2. f4 d6 3. Bc4 exf4 4. Nf3 Nf6 5. Nc3 Be7 6. O-O O-O 7. d4 b6 8. e5 dxe5 9. dxe5 Qxd1 10. Rxd1 Ng4 11.
Bxf4 Ba6 12. Bxa6 Nxa6 13. Rd2 Bc5+ 14. Kf1 Nb4 15. a3 Ne3+ 16. Bxe3 Bxe3 17. Re2 Nxc2 18. Rxc2 Rad8 19. Rd1 a5 20. Re2 Bc5 21. Rxd8 Rxd8 22. Rd2 Re8 23. Ne4 Be3 24. Rd3 Bc1 25. b4 axb4 26.
axb4 Bb2 27. Rd7 c5 28. bxc5 bxc5 29. Nxc5 h6 30. Kf2 Bxe5 31. Nxe5 Rxe5 32. Nd3 Ra5 33.
Kf3 Ra3 34. g4 Kh7 35. h4 g6 36. Rxf7+ Kg8 37. Rd7 g5 38. hxg5 hxg5 39. Rd5 Kf8 40. Ke4 Ke7 41. Rxg5 Ra4+ 42. Kf5 Ra5+ 43. Kg6 Ra6+ 44.
Kh7 Kd8 45. Ne5 Ke8 0-1

[Event "Live Chess"]
[Site "Chess.com"]
[Date "2023.05.20"]
[Round "-"]
[White "Duke_of_Bebington"]
[Black "Hacker_2009"]
[Result "1-0"]
[WhiteElo "1602"]
[BlackElo "1899"]
[TimeControl "300"]
[EndTime "12:33:40 PDT"]
[Termination "Duke_of_Bebington won by resignation"]

1. e4 c5 2. c3 d5 3. exd5 Qxd5 4.
d4 Nc6 5. dxc5 Qxc5 6. Nf3 e6 7.
Be2 Nf6 8. Be3 Qe7 9. Na3 b6 10.
Bg5 Bb7 11. O-O Rd8 12. Qa4 h6 13. Bh4 g5 14. Bg3 Bg7 15. Ne5 Rc8 16. Bb5 Qc5 17.
b4 Qd5 18. Rfd1 Qe4 19. Re1 Qd5 20. Rad1 1-0

[Event "Live Chess"]
[Site "Chess.com"]
[Date "2023.05.20"]
[Round "-"]
[White "AttackingSnowLeopard"]
[Black "rideuv21"]
[Result "1-0"]
[WhiteElo "2040"]
[BlackElo "1834"]
[TimeControl "300"]
[EndTime "12:33:41 PDT"]
[Termination "AttackingSnowLeopard won by resignation"]

1. d4 c5 2. d5 Nf6 3. Nc3 g6 4. e4 d6 5. Nf3 Bg7 6. Be2 O-O 7. O-O a6 8. a4 b6 9. Nd2 Bb7 10. Nc4 Nbd7 11. Be3 Qc7 12. f3 e6 13. dxe6 fxe6 14. Qxd6 Qxd6 15. Nxd6 Bc6 16. Bc4 1-0

[Event "Live Chess"]
[Site "Chess.com"]
[Date "2023.05.20"]
[Round "-"]
[White "azimchess2019"]
[Black "LL220284LL"]
[Result "0-1"]
[WhiteElo "1362"]
[BlackElo "2404"]
[TimeControl "300"]
[EndTime "12:33:48 PDT"]
[Termination "LL220284LL won by resignation"]

1. d4 g6 2. c4 Bg7 3. Nc3 d6 4.
Nf3 Nf6 5. e3 O-O 6. Be2 Nbd7 7.
O-O e5 8. a3 Re8 9. Qc2 c6 10. e4 exd4 11. Nxd4 Nxe4 0-1

[Event "Live Chess"]
[Site "Chess.com"]
[Date "2023.05.20"]
[Round "-"]
[White "NatashaRegan"]
[Black "omisoc"]
[Result "0-1"]
[WhiteElo "1813"]
[BlackElo "2204"]
[TimeControl "300"]
[EndTime "12:33:49 PDT"]
[Termination "omisoc won by resignation"]

1. e4 b6 2. d4 Bb7 3. Nc3 e6 4.
Nf3 Bb4 5. d5 Nf6 6. Qd4 c5 7.
dxc6 Nxc6 8. Qe3 d5 9. exd5 Nxd5 10. Qd3 Nxc3 11. bxc3 Qxd3 12. Bxd3 Bxc3+ 0-1

[Event "Live Chess"]
[Site "Chess.com"]
[Date "2023.05.20"]
[Round "-"]
[White "kevinmilleruk"]
[Black "ProfPoisson"]
[Result "1-0"]
[WhiteElo "1120"]
[BlackElo "1060"]
[TimeControl "300"]
[EndTime "12:33:52 PDT"]
[Termination "kevinmilleruk won on time"]

1. c4 f5 2. Nc3 e6 3. g3 Nf6 4. Bg2 Be7 5. Nf3 O-O 6. O-O d6 7. d3 e5 8. Bg5 Ng4 9. Bxe7 Qxe7 10. Nd5 Qf7 11. Ne3 Nc6 12. b3 Nxe3 13. fxe3 f4 14.
exf4 exf4 15. Ng5 Qg6 16. gxf4 h6 17. Ne4 Bh3 18. Ng3 Bxg2 19. Kxg2 Rae8 20. Rf3 Nd4 21. Rf2 Re3 22. Qf1 Rfe8 23. f5 Qg5 24. f6 gxf6 25.
Rxf6 Rxe2+ 26. Rf2 Qg4 27. Re1 Rxe1 28. h3 Qxg3+ 29.
Kxg3 Rxf1 30. Rxf1 Re3+ 31. Kf4 Rxd3 32. Ke4 Rd2 33.
Rg1+ Kh7 34. Rf1 Ne6 35. Rf7+ Kg6 36. Rf3 Ng5+ 37. Ke3 Nxf3 38. Kxf3 Rd3+ 39. Ke4 Rd2 40. a4 Rc2 41. Kd5 Kh5 42. Kd4 Kh4 43. Kd3 Rh2 44.
b4 Rxh3+ 45. Kd4 Rg3 46. Kd5 Kg4 47. Ke6 h5 48. Kd7 h4 49. Kxc7 h3 50. Kxb7 h2 51.
Kxa7 h1=Q 52. b5 Qh7+ 53. Ka6 Kf4 54. c5 1-0

[Event "Live Chess"]
[Site "Chess.com"]
[Date "2023.05.20"]
[Round "-"]
[White "chessleanstrategist"]
[Black "Hoogleboogle"]
[Result "0-1"]
[WhiteElo "400"]
[BlackElo "1386"]
[TimeControl "300"]
[EndTime "12:33:54 PDT"]
[Termination "Hoogleboogle won on time"]

1. c4 e5 2. Nc3 Nf6 3. Nf3 Nc6 4.
d4 exd4 5. Nxd4 Nxd4 6. Qxd4 Bb4 7. g3 d6 8. Bg2 c5 9. Qe3+ Be6 10. Bd5 Qe7 11. Bxe6 Qxe6 12. Qxe6+ fxe6 13. a3 Bxc3+ 14. bxc3 d5 15. cxd5 Nxd5 16. Bb2 Rd8 17. O-O c4 18. Rfd1 b5 19. a4 a6 20. axb5 axb5 21. Ra5 Rb8 22.
Rda1 O-O 23. e3 b4 24. cxb4 Rxb4 25. R1a2 Rfb8 26. Ra8 Rxb2 27. Rxb2 Rxa8 28. Rc2 c3 29. Kg2 Rb8 30. e4 Rb2 0-1

[Event "Live Chess"]
[Site "Chess.com"]
[Date "2023.05.20"]
[Round "-"]
[White "LiamClery2020"]
[Black "Tushinskiy"]
[Result "1/2-1/2"]
[WhiteElo "2085"]
[BlackElo "2093"]
[TimeControl "300"]
[EndTime "12:33:56 PDT"]
[Termination "Game drawn - insufficient material"]

1. e4 e5 2. Nc3 d6 3. d4 Nd7 4.
Nf3 Be7 5. Be3 Ngf6 6. dxe5 dxe5 7. Bc4 O-O 8. O-O c6 9. Qd2 Qc7 10. Rad1 Nc5 11. Bxc5 Bxc5 12. Qg5 Bg4 13. Be2 Bxf3 14.
Bxf3 Rad8 15. Rd3 Rxd3 16. cxd3 Rd8 17. Rd1 Bd4 18. Ne2 Bxb2 19. Ng3 h6 20. Qh4 Kf8 21. Nf5 Ng8 22. Rb1 g6 23. Rxb2 gxf5 24. Rxb7 Qxb7 25. Qxd8+ Kg7 26. h3 Qe7 27. Qxe7 Nxe7 28. exf5 c5 29. g4 Kf6 30. h4 Nc8 31. Kf1 Nd6 32. Ke1 h5 33.
gxh5 Nxf5 34. Be4 Nxh4 35. h6 Ng6 36. Kd2 Nh8 37. Kc3 Kg5 38. Kc4 f5 39. Bc6 Kxh6 40. Kxc5 Kg5 41. Kd5 Kf4 42. Be8 e4 43. dxe4 fxe4 44.
Kd4 Kf3 45. Bc6 Kxf2 46. Bxe4 Nf7 47. Kc5 Ke3 48. Bd5 Ne5 49. a4 Nd3+ 50. Kb5 Kd4 51. Ka6 Kxd5 52. Kxa7 Kc6 53. Kb8 Kb6 54. Kc8 Ka5 55.
Kd8 Kxa4 1/2-1/2

[Event "Live Chess"]
[Site "Chess.com"]
[Date "2023.05.20"]
[Round "-"]
[White "ramses-IIG"]
[Black "booktrunk"]
[Result "1-0"]
[WhiteElo "825"]
[BlackElo "1304"]
[TimeControl "300"]
[EndTime "12:34:02 PDT"]
[Termination "ramses-IIG won by checkmate"]

1. e4 d5 2. e5 Nc6 3. Nf3 Bg4 4. d4 Qd7 5. c3 e6 6. h3 Bf5 7. Nh4 Bxb1 8. Rxb1 Be7 9. Nf3 h6 10. Bb5 a6 11.
Ba4 b5 12. Bb3 Na5 13. Bc2 Nc4 14. Bd3 f6 15. Bxc4 dxc4 16. O-O fxe5 17. Nxe5 Qd6 18. Qc2 Nf6 19. Ng6 Rf8 20. Nxf8 Bxf8 21. Qg6+ Kd7 22. Qf7+ Kc6 23. Re1 Kb7 24. Rxe6 Qe7 25. Rxe7 Bxe7 26. Qxe7 Re8 27. Qxg7 Ne4 28. Qxh6 Re7 29. Bg5 Rf7 30. f3 Nd2 31. Re1 Nxf3+ 32. gxf3 Rxf3 33. Re7 Rg3+ 34. Kh2 Rxg5 35. Qxg5 b4 36. Qd5+ Kc8 37. Qd7+ Kb8 38. Qxc7+ Ka8 39. Qa7# 1-0

[Event "Live Chess"]
[Site "Chess.com"]
[Date "2023.05.20"]
[Round "-"]
[White "amazinggoalkeeper"]
[Black "Man-Del-Brot"]
[Result "0-1"]
[WhiteElo "499"]
[BlackElo "1174"]
[TimeControl "300"]
[EndTime "12:34:07 PDT"]
[Termination "Man-Del-Brot won by resignation"]

1. e4 e5 2. Nf3 Nc6 3. Bc4 f5 4. Qe2 Qe7 5. exf5 e4 6. Nh4 Nd4 7. f6 Nxf6 8. Qf1 Nxc2+ 9. Ke2 Nxa1 10. Qe1 d5 11. b4 0-1

[Event "Live Chess"]
[Site "Chess.com"]
[Date "2023.05.20"]
[Round "-"]
[White "thrithik"]
[Black "zdanevych"]
[Result "0-1"]
[WhiteElo "380"]
[BlackElo "1514"]
[TimeControl "300"]
[EndTime "12:34:25 PDT"]
[Termination "zdanevych won by checkmate"]

1. e3 d5 2. f3 c5 3. d3 Nc6 4. Bd2 e5 5. Bc3 d4 6. exd4 exd4 7. Bxd4 Nxd4 8. c3 Qe7+ 9. Be2 Nxe2 10. Nxe2 Nf6 11.
d4 cxd4 12. cxd4 Bd7 13. f4 Bb5 14. g4 Bxe2 15. Qxe2 Qxe2+ 16. Kxe2 Nxg4 17. Kf3 Nf6 18. f5 O-O-O 19. Re1 Rxd4 20. Rc1+ Kb8 21. Rc5 b6 22. Ke3 Bxc5 23. Nc3 Rd1+ 24. Ke2 Rxa1 25. Nb5 Rxa2 26. Nd4 Bxd4 27. Kd2 Rxb2+ 28. Kc1 Rc8+ 29. Kd1 Rxh2 30. Ke1 Rc1# 0-1

[Event "Live Chess"]
[Site "Chess.com"]
[Date "2023.05.20"]
[Round "-"]
[White "Ocelot32"]
[Black "Woodpusher500"]
[Result "1-0"]
[WhiteElo "1396"]
[BlackElo "1130"]
[TimeControl "300"]
[EndTime "12:34:28 PDT"]
[Termination "Ocelot32 won by resignation"]

1. e4 e5 2. Nf3 Nc6 3. Bb5 f5 4.
Bxc6 dxc6 5. Nc3 fxe4 6. Nxe4 Bg4 7. h3 Bh5 8. Ng3 Bg6 9. O-O Qf6 10. d4 e4 11. Ne5 O-O-O 12. Qg4+ Kb8 13. Nxe4 Qf5 14.
Qxf5 Bxf5 15. Ng3 Be6 16. Bg5 Rxd4 17. Rad1 Rxd1 18. Rxd1 Bd6 19. Nd3 Ne7 20. Nf4 Bf7 21. Bxe7 Bxe7 22. Rd7 Re8 23. Nf5 Bg6 24. Nxg6 hxg6 25.
Nxe7 Rf8 26. Nxg6 Re8 27. Rxg7 b6 28. Rf7 Re2 29. Ne7 Kb7 30. Rf6 Rxc2 31. Nxc6 Rxc6 32. Rxc6 Kxc6 33. g4 1-0

[Event "Live Chess"]
[Site "Chess.com"]
[Date "2023.05.20"]
[Round "-"]
[White "DmitryVasliev"]
[Black "boilerboy1"]
[Result "1-0"]
[WhiteElo "1661"]
[BlackElo "1050"]
[TimeControl "300"]
[EndTime "12:34:30 PDT"]
[Termination "DmitryVasliev won on time"]

1. d4 g6 2. Bf4 Bg7 3. e3 Nf6 4. h3 Nd5 5. Bh2 c5 6. c3 cxd4 7. exd4 Nc6 8. Nd2 O-O 9. Bd3 e6 10. f4 a6 11. Ngf3 Ne3 12. Qe2 Nd5 13. Nc4 d6 14.
Ne3 Nxe3 15. Qxe3 e5 16. fxe5 dxe5 17. dxe5 Re8 18. O-O-O Qc7 19. Rhe1 Nb4 20. Bb1 Be6 21. a3 Na2+ 22. Bxa2 Bxa2 23. Rd4 Rad8 24. Red1 Bb3 25. R1d2 Rxd4 26. Rxd4 b5 27. Kb1 Bc4 28. g4 Qa5 29.
Nd2 Be6 30. Rb4 h5 31. gxh5 Bf5+ 32. Ka1 Qc7 33. hxg6 Bxg6 34. Nf3 Qd7 35. Rd4 Qxh3 36. Ka2 Bh5 37. e6 Rxe6 38. Rd8+ Bf8 39. Qg5+ Rg6 40.
Qe7 Qe6+ 41. Qxe6 1-0

[Event "Live Chess"]
[Site "Chess.com"]
[Date "2023.05.20"]
[Round "-"]
[White "JackRudd"]
[Black "Conradical12"]
[Result "1-0"]
[WhiteElo "2460"]
[BlackElo "1575"]
[TimeControl "300"]
[EndTime "12:34:37 PDT"]
[Termination "JackRudd won by resignation"]

1. d4 Nf6 2. c4 e5 3. dxe5 Ng4 4.
Nf3 Bc5 5. e3 O-O 6. h3 Nh6 7. Nc3 Nc6 8. Ne4 Bb4+ 9. Bd2 Bxd2+ 10. Qxd2 Nf5 11. g4 1-0